 Dungeon Crawl Stone Soup version 0.26-a0-474-gfaca0e1de5 (webtiles) character file.

Game seed: 11871545951586066706

63 KristoblXynda the Sneak (level 3, -3/29 HPs)
             Began as a Draconian Brigand on July 31, 2020.
             Killed by divine providence
             ... invoked by an orc priest
              (15 damage)
             ... on level 2 of the Dungeon.
             The game lasted 00:02:17 (1183 turns).

KristoblXynda the Sneak (Draconian Brigand)         Turns: 1183, Time: 00:02:18

Health: -3/29      AC:  6    Str: 13    XL:     3   Next: 89%
Magic:  3/3        EV: 12    Int: 12    God:
Gold:   68         SH:  0    Dex: 12    Spells: 2/2 levels left

rFire    . . .     SeeInvis .   e - +2 dagger (venom)
rCold    . . .     Faith    .   (no shield)
rNeg     . . .     Spirit   .   (armour unavailable)
rPois    .         Reflect  .   (helmet restricted)
rElec    .         Harm     .   b - +0 cloak
rCorr    .                      (no gloves)
MR       .....                  (no boots)
Stlth    ++........             (no amulet)
HPRegen  0.09/turn              (no ring)
MPRegen  0.08/turn              (no ring)

@: very slightly contaminated
A: unfitting armour, cold-blooded, AC +5
a: no special abilities


You were on level 2 of the Dungeon.
You visited 1 branch of the dungeon, and saw 2 of its levels.

You collected 68 gold pieces.

Inventory:

Hand Weapons
 a - a +2 dagger
 e - a +2 dagger of venom (weapon)
 l - a +0 long sword
Missiles
 c - 33 poisoned darts (quivered)
 d - 2 curare-tipped darts
Armour
 b - a +0 cloak (worn)
Scrolls
 m - 2 scrolls of fear {unknown}
Potions
 f - 3 potions of heal wounds
 g - 2 potions of curing
 i - 2 potions of brilliance
 k - a potion of ambrosia


   Skills:
 - Level 2.1 Fighting
 + Level 2.7 Short Blades
 + Level 2.3 Throwing
 + Level 1.8 Dodging
 + Level 4.1 Stealth


You had 2 spell levels left.
You didn't know any spells.
Your spell library was empty.

Dungeon Overview and Level Annotations

Branches:
Dungeon (2/15)

Altars:


Innate Abilities, Weirdness & Mutations

Your plain brown scales are hard. (AC +5)
You cannot fit into any form of body armour.
You are cold-blooded and may be slowed by cold attacks.


Message History

You closely miss the adder.
The adder is heavily wounded.
The adder closely misses you.
You barely miss the adder.
Your tail-slap misses the adder.
The adder is almost dead.
The adder misses you.
You closely miss the adder.
The adder is almost dead.
You kill the adder!
You barely miss the orc priest.
The orc priest hits you with a +0 dagger.
You hit the orc priest.
The orc priest is poisoned.
The orc priest is lightly wounded.
You closely miss the orc priest.
The orc priest is lightly wounded.
The orc priest misses you.
The orc priest mumbles some strange prayers to Beogh against you.
Beogh smites you!
Ouch! That really hurt!
You die...

.# #.........# #.# ##.####
.. #.........# #####^#####.#
#.#
#.........###.........#.#
#..
#.........##..#######...#
#.........##.###$⌠$###..####
#..........#.##.....##....#.
####...(..)..#...oo..#..#.#.
#.........#.#ooo#.#.##.#.
#.......@§#...o...#.##.#.
#.....#'#§#.......#.#..#.
#..(..#.#o#.. ....#.#.##.
#(....#.#§#.#...#.#.#.###
...........#§#....... #.#.†
#.###.....###§§§...... #.#.#
#.....# #.......## #.#.#
#.##### #.....### #.... #.
#.....# ###.#


You could see an orc priest (very poisoned).

Vanquished Creatures
  A gnoll (D:1)
  An adder (D:2)
  3 dart slugs (D:1)
  2 leopard geckos
  3 goblins
  5 hobgoblins
  4 jackals (D:2)
  3 bats (D:1)
  3 frilled lizards (D:2)
  10 kobolds
  3 rats (D:1)
38 creatures vanquished.

Notes
Turn   | Place    | Note
-------+----------+-------------------------------------------
     0 | D:1      | KristoblXynda the Draconian Brigand began the quest for the
                  | Orb.
     0 | D:1      | Reached XP level 1. HP: 17/17 MP: 1/1
    86 | D:1      | Reached skill level 1 in Dodging
   113 | D:1      | Reached XP level 2. HP: 24/24 MP: 2/2
   709 | D:1      | Reached XP level 3. HP: 28/29 MP: 3/3
   809 | D:1      | Reached skill level 4 in Stealth
  1183 | D:2      | Killed from afar by an orc priest

Illustrated notes

Levels and vault maps discovered:
D:1:      saegor_arrival_simple_d, layout_basic
D:2:      cheibrodos_pilgrimage, layout_basic, minmay_bisected

Skill      XL: |  1  2  3 |
---------------+----------+-----
Dodging        | 1 |  1.8
Throwing       | 2 |  2.3
Stealth        | 4 |  4.1
Fighting       | |  2.1
Short Blades   | |  2.7

Action                   || total
-------------------------++-------
Melee: Dagger            ||    90
       Tailslap          ||     5
  Use: Scroll            ||     6
 Stab: Sleeping          ||     6
Armor: Skin              ||    34
Dodge: Dodged            ||    56

Table legend: (Time is in decaauts)
 A = Elapsed time spent in this place.
 B = Non-inter-level travel time spent in this place.
 C = Inter-level travel time spent in this place.
 D = Time resting spent in this place.
 E = Time spent auto-exploring this place.
 F = Levels seen in this place.
 G = Mean time per level.
                   A        B        C        D        E       F      G
               +--------+--------+--------+--------+--------+-----+--------+
         Total |   1172 |   1169 |      3 |      0 |    825 |   2 |  586.0 |
       Dungeon |   1172 |   1169 |      3 |      0 |    825 |   2 |  586.0 |
               +--------+--------+--------+--------+--------+-----+--------+

Top non-repeatable levels by time:
     D:1: 852 daAuts
     D:2: 319 daAuts
